 Dungeon Crawl Stone Soup version 0.25.0-11-g1f837a76a1 (webtiles) character file.

Game seed: 3485457069687456025

56 funkygono the Grave Robber (level 3, 0/26 HPs)
             Began as a Ghoul Necromancer on June 27, 2020.
             Slain by Natasha (8 damage)
             ... on level 2 of the Dungeon.
             The game lasted 00:05:03 (1792 turns).

funkygono the Grave Robber (Ghoul Necromancer)      Turns: 1792, Time: 00:05:04

Health: 0/26       AC:  3    Str: 11    XL:     3   Next: 97%
Magic:  2/5        EV: 11    Int: 11    God:
Gold:   18         SH:  0    Dex:  9    Spells: 4/6 levels left

rFire    . . .     SeeInvis .   (no weapon)
rCold    + . .     Gourm    .   (no shield)
rNeg     + + +     Faith    .   b - +0 leather armour
rPois    ∞         Spirit   .   (no helmet)
rElec    .         Reflect  .   (no cloak)
rCorr    .         Harm     .   (no gloves)
MR       .....                  (no boots)
Stlth    ++........             (no amulet)
HPRegen  0.00/turn              (no ring)
MPRegen  0.09/turn              (no ring)

@: rotting, slowed, very slow
A: rotting body, claws 1, carnivore, cold resistance 1, negative energy
resistance 3, inhibited regeneration, torment resistance, unbreathing
a: no special abilities


You were on level 2 of the Dungeon.
You were not hungry.

You visited 1 branch of the dungeon, and saw 2 of its levels.

You collected 18 gold pieces.

Inventory:

Missiles
 h - 36 stones (quivered)
Armour
 a - a +0 robe
 b - a +0 leather armour (worn)
Scrolls
 e - a scroll of remove curse {unknown}
Potions
 g - a potion of might {unknown}
Comestibles
 c - a ration
 d - 5 chunks of flesh


   Skills:
 + Level 0.2 Fighting
 + Level 0.7 Armour
 + Level 1.9 Dodging
 + Level 2.4 Stealth
 + Level 0.8 Unarmed Combat
 + Level 2.1 Spellcasting
 + Level 4.7 Necromancy


You had 4 spell levels left.
You knew the following spells:

 Your Spells              Type           Power        Failure   Level  Hunger
a - Pain                  Necr           ##..         5%          1    ##.....
b - Animate Skeleton      Necr           N/A          5%          1    ##.....

Your spell library contained the following spells:

 Spells                   Type           Power        Failure   Level  Hunger
 Vampiric Draining        Necr           ##........   16%         3    ####...
 Animate Dead             Necr           N/A          47%         4    #####..
 Agony                    Necr           ##......     83%         5    ######.


Dungeon Overview and Level Annotations

Branches:
Dungeon (2/15)

Altars:

Annotations:
D:2 Natasha


Innate Abilities, Weirdness & Mutations

Your body is rotting away.
You thrive on raw meat.
You are immune to poison.
You have sharp fingernails.
You are carnivorous and can eat meat at any time.
Your flesh is cold resistant. (rC+)
You are immune to negative energy. (rN+++)
You do not regenerate when monsters are visible.
You are immune to unholy pain and torment.
You can survive without breathing.


Message History

Natasha claws you but does no damage. The white imp gestures at you.
The puff of frost misses you.
It was a potion of heal wounds.
You feel much better.
The crimson imp disappears in a puff of smoke!
Natasha stares at you and mumbles some strange words.
You feel as though you will be slow longer.
The white imp gestures at you. The puff of frost hits you. You resist.
The crimson imp misses you.
You scratch Natasha.
Natasha is lightly wounded.
Natasha casts a spell at you. The magic dart hits you.
The crimson imp blinks!
Natasha claws you. The white imp gestures at you. The puff of frost hits you.
You resist.
You scratch Natasha.
Natasha is heavily wounded.
The crimson imp disappears in a puff of smoke!
Natasha claws you!
You die...

$P......#....?. ..
P......#.....##.##
P......##.....)..#
#.....##........#
#.#.............
#....#.........#
#.#.##5".†.....
#.#...h.)......
#....@§).......
###########.<.......§...
##...........##...###...#
##............#...$...
###
#......................
#..................>....
#..................(....
#...................<...
....................


You could see Natasha and a white imp (summoned).

Vanquished Creatures
  An adder (D:2)
  An ooze (D:1)
  A worm (D:2)
  A dart slug (D:1)
  A leopard gecko (D:1)
  2 giant cockroaches
  2 goblins (D:1)
  4 hobgoblins
  3 jackals (D:1)
  5 bats (D:1)
  2 frilled lizards (D:2)
  6 kobolds
  5 rats
34 creatures vanquished.

Vanquished Creatures (collateral kills)
  A jackal (D:1)
  A quokka (D:2)
2 creatures vanquished.

Vanquished Creatures (others)
  4 toadstools (D:2)
4 creatures vanquished.

Grand Total: 40 creatures vanquished

Notes
Turn   | Place    | Note
-------+----------+-------------------------------------------
     0 | D:1      | funkygono the Ghoul Necromancer began the quest for the
                  | Orb.
     0 | D:1      | Reached XP level 1. HP: 14/14 MP: 2/2
   227 | D:1      | Reached XP level 2. HP: 19/20 MP: 0/3
   299 | D:1      | Learned a level 1 spell: Animate Skeleton
   766 | D:1      | Reached XP level 3. HP: 11/25 MP: 1/5
  1775 | D:2      | Noticed Natasha
  1789 | D:2      | HP: 1/26 [white imp/puff of frost[Natasha] (2)]
  1792 | D:2      | Slain by Natasha

Illustrated notes

Levels and vault maps discovered:
D:1:      minmay_arrival_four_loops, layout_rooms, serial_park_tiny_pond,
          chequers_serial_rivers_room_a, solitary_fountain,
          nrook_mini_backslash, amethyst_killhole
D:2:      layout_rooms, minmay_gold_behind_fungi, minmay_pentomino_p4,
          uniq_natasha, uniq_terence

Skill      XL: |  1  2 |
---------------+-------+-----
Spellcasting   | 2 |  2.1
Fighting       | |  0.2
Armour         | |  0.7
Dodging        | |  1.9
Stealth        | |  2.4
Unarmed Combat | |  0.8
Necromancy     | |  4.7

Action                   || total
-------------------------++-------
Melee: Unarmed           ||   114
 Cast: Pain              ||    46
       Animate Skeleton  ||     7
  Use: Scroll            ||     1
       Potion            ||     1
  Eat: Chunk             ||     5
Armor: Leather armour    ||    40
Dodge: Dodged            ||    91
